 Dungeon Crawl Stone Soup version 0.29.1-4-g47bece8355 (webtiles) character file.

Game seed: 1488399207086086409

441 MacCMillion the Insei (level 7, -2/43 HPs)
             Began as an Octopode Transmuter on Dec 9, 2022.
             Slain by an ice beast (13 damage)
             ... on level 5 of the Dungeon.
             The game lasted 00:11:58 (5594 turns).

MacCMillion the Insei (Octopode Transmuter)         Turns: 5594, Time: 00:11:58

Health: -2/43      AC:  2    Str:  9    XL:     7   Next: 2%
Magic:  9/10       EV: 19    Int: 18    God:
Gold:   261        SH:  0    Dex: 17    Spells: 6/10 levels left

rFire   . . .      SeeInvis .     - Unarmed
rCold   . . .      Faith    .   (shield currently unavailable)
rNeg    + . .      Spirit   .   (helmet currently unavailable)
rPois   x          Reflect  .   (no amulet)
rElec   .          Harm     .   r - ring of positive energy
rCorr   .          Rampage  .   (no ring)
Will    .....                   (no ring)
Stlth   ++........              (no ring)
HPRegen 0.14/turn               (no ring)
MPRegen 0.12/turn               (no ring)
                                (no ring)
                                (no ring)

@: spider-form
A: venomous fangs, almost no armour, (amphibious), 8 rings, tiny, (camouflage
1), (gelatinous body 1), (nimble swimmer 1), (tentacles)
a: End Transformation


You were on level 5 of the Dungeon.
You were a venomous arachnid creature.
You visited 1 branch of the dungeon, and saw 5 of its levels.

You collected 261 gold pieces.

Inventory:

Missiles
 p - 3 poisoned darts
Jewellery
 r - a ring of positive energy (left front leg)
Wands
 t - a wand of iceblast (7)
Scrolls
 e - a scroll of silence
 f - a scroll of magic mapping
 k - a scroll of fog
 l - 2 scrolls of noise
 m - a scroll of enchant armour
 n - a scroll of amnesia {unknown}
 o - a scroll of blinking {unknown}
 q - a scroll of teleportation {unknown}
Potions
 a - a potion of lignification
 b - a potion of flight
 c - a potion of degeneration
 h - a potion of ambrosia
 i - 2 potions of cancellation
 j - a potion of magic
 s - 2 potions of might


   Skills:
 - Level 1.0 Fighting
 - Level 2.0 Dodging
 + Level 5.0 Unarmed Combat
 - Level 2.0 Spellcasting
 + Level 4.4 Transmutations
 + Level 2.6 Ice Magic
 - Level 3.0 Poison Magic


You had 6 spell levels left.
You knew the following spells:

 Your Spells              Type           Power      Damage    Failure   Level
a - Beastly Appendage     Tmut           34%        N/A       11%         1
b - Spider Form           Tmut/Pois      15%        N/A       28%         3

Your spell library contained the following spells:

 Spells                   Type           Power      Damage    Failure   Level
 Wereblood                Tmut           17%        N/A       13%         2
 Blink                    Tloc           2%         N/A       47%         2
 Ice Form                 Ice/Tmut       14%        N/A       61%         4
 Gell's Gravitas          Tloc           1%         N/A       69%         3
 Lesser Beckoning         Tloc           1%         N/A       69%         3
 Teleport Other           Tloc           1%         N/A       69%         3
 Manifold Assault         Tloc           1%         N/A       100%        5


Dungeon Overview and Level Annotations

Branches:
Dungeon (5/15)
 Temple: D:4-7

Altars:

Shops:
D:4 [

Annotations:
D:3 Sigmund
D:4 exclusion: necrophage
D:5 Eustachio


Innate Abilities, Weirdness & Mutations

You are a venomous arachnid creature.
You have poisonous fangs.
You are tiny and dextrous.
Your spellcasting is less reliable in this form.
Your armour is entirely melded.
You are incapable of wielding weapons or throwing items.
You cannot wear most types of armour.
((You are amphibious.))
You can wear up to eight rings at the same time.
((Your skin changes colour to match your surroundings (Stealth+).))
((Your rubbery body absorbs attacks. (AC +1, EV +1)))
((You are camouflaged when in or above water. (Stealth+)))
((You have tentacles for arms and can constrict up to eight enemies at once.))


Message History

An adder comes into view.
You barely miss the adder. The adder closely misses you.
You barely miss the adder. The adder misses you.
You closely miss the adder. The adder closely misses you.
You bite the adder!
The adder is heavily wounded.
The adder closely misses you.
You barely miss the adder.
The adder is heavily wounded.
The adder bites you. x2
You bite the adder!
You kill the adder!
Your Unarmed Combat skill increases to level 5!
You hit the ice beast but do no damage. You hit the ice beast.
The ice beast is lightly wounded.
The ice beast barely misses you.
You hit the ice beast but do no damage.
The ice beast is lightly wounded.
The ice beast barely misses you.
You hit the ice beast.
The ice beast is moderately wounded.
The ice beast hits you. The ice beast freezes you!
You hit the ice beast.
The ice beast is poisoned.
The ice beast is heavily wounded.
The ice beast hits you. The ice beast freezes you.
You barely miss the ice beast.
The ice beast is heavily wounded.
The ice beast closely misses you.
You hit the ice beast.
The ice beast looks as sick as possible!
The ice beast is severely wounded.
The ice beast hits you. The ice beast freezes you.
* * * LOW HITPOINT WARNING * * *
The ice beast attacks as you move away! The ice beast closely misses you.
The ice beast attacks as you move away! The ice beast closely misses you.
The ice beast attacks as you move away! The ice beast hits you.
* * * LOW HITPOINT WARNING * * *
The ice beast freezes you!
You die...

#.#.#.#.#.####....
#.#.#.............
#.#.....#.####....
#.#.....#.# #####
#.##....#.#
#.##....#.#
#.##....#.#
#.##....#.#
#s##....#.#
#Y#######.# #.#
#.# #'# ... .....
....... .........


You could see an ice beast (extremely poisoned).

Vanquished Creatures
  2 ogres (D:5)
  A howler monkey (D:5)
  A hound (D:5)
  An iguana (D:5)
  An orc wizard (D:3)
  3 gnolls (D:4)
  4 adders
  2 worms (D:2)
  4 orcs
  2 bats (D:1)
  3 endoplasms
  4 giant cockroaches
  2 goblins
  5 hobgoblins
  17 jackals
  8 quokkas
  10 ball pythons
  3 frilled lizards
  2 kobolds
  4 rats
79 creatures vanquished.

Notes
Turn   | Place    | Note
-------+----------+-------------------------------------------
     0 | D:1      | MacCMillion the Octopode Transmuter began the quest for the
                  | Orb.
     0 | D:1      | Reached XP level 1. HP: 13/13 MP: 3/3
   167 | D:1      | Reached skill level 1 in Poison Magic
   167 | D:1      | Reached XP level 2. HP: 16/18 MP: 5/5
   872 | D:1      | Reached XP level 3. HP: 14/23 MP: 4/6
  1720 | D:2      | Reached XP level 4. HP: 28/28 MP: 5/7
  2142 | D:2      | Found a faded altar of an unknown god.
  2540 | D:3      | Noticed Sigmund
  2925 | D:3      | Learned a level 3 spell: Spider Form
  3582 | D:4      | Noticed a necrophage
  3715 | D:4      | Noticed a lemure
  3716 | D:4      | Noticed a lemure
  3948 | D:4      | Found Gaemag's Antique Armour Emporium.
  4176 | D:4      | Reached skill level 4 in Unarmed Combat
  4176 | D:4      | Reached XP level 5. HP: 30/33 MP: 2/8
  4540 | D:4      | Noticed a lemure
  4664 | D:5      | Entered Level 5 of the Dungeon
  4842 | D:5      | Noticed an ogre
  4851 | D:5      | Killed an ogre
  4852 | D:5      | Reached skill level 1 in Ice Magic
  4852 | D:5      | Reached XP level 6. HP: 38/38 MP: 2/9
  4977 | D:5      | Noticed Eustachio
  5436 | D:5      | Reached XP level 7. HP: 32/43 MP: 7/10
  5584 | D:5      | Reached skill level 5 in Unarmed Combat
  5594 | D:5      | Slain by an ice beast

Illustrated notes

Levels and vault maps discovered:
D:1:      eino_arrival_cavern_e, layout_basic
D:2:      layout_loops_ring, ebering_ecumenical_altar_webs
D:3:      layout_basic, uniq_sigmund
D:4:      layout_basic, minmay_temple_entry_ruins, nicolae_stop_n_shop_1,
          serial_park_tiny_1, uniq_pikel
D:5:      layout_basic, uniq_eustachio

Skill      XL: |  1  2  3  4  5  6  7 |
---------------+----------------------+-----
Poison Magic   | 1 2 3 |  3.0
Transmutations | 3 4 |  4.4
Unarmed Combat | 4 5 |  5.0
Ice Magic      | 1 2 |  2.6
Fighting       | |  1.0
Dodging        | |  2.0
Spellcasting   | |  2.0

Action                   |  1- 3 |  4- 6 |  7- 9 || total
-------------------------+-------+-------+-------++-------
Melee: Unarmed           |    83 |    93 |    13 ||   189
       Constrict         |    26 |     5 |       ||    31
       Kick              |    30 |     7 |       ||    37
       Tentacles         |    24 |     1 |       ||    25
       Punch             |     1 |     1 |       ||     2
Throw: Dart              |       |     3 |       ||     3
 Cast: Beastly Appendage |    28 |    13 |       ||    41
       Spider Form       |       |    22 |     1 ||    23
Evoke: Wand              |       |     2 |       ||     2
  Use: Scroll            |       |    12 |       ||    12
       Potion            |       |     1 |       ||     1
 Stab: Sleeping          |     2 |     5 |       ||     7
Armor: Skin              |     6 |     5 |       ||    11
Dodge: Dodged            |    52 |    68 |     9 ||   129
